[Event "Titled Tuesday Blitz July 25 Early 2023"]
[White "Stork, Oliver"]
[Black "Ardila, Oscar Humberto"]
[WhiteFideId "12955728"]
[BlackFideId "4404742"]
[WhiteElo "2389"]
[BlackElo "2247"]
[Result "1-0"]
[Round "4"]
[TimeControl "180+2"]
[Date "2023.07.25"]
[WhiteClock "0:00:06"]
[BlackClock "0:00:02"]
[Board "216"]

1. e4 e5 2. Nf3 Nf6 3. Nc3 Nc6 4. Bb5 Bb4 5. O-O O-O 6. d3 d6 7. Bg5 Bxc3 8. bxc3 Qe7 9. h3 Nd8 10. Re1 Ne6 11. Bc1 Rd8 12. d4 Nf8 13. a4 c5 14. Ba3 Ng6 15. Qd2 a6 16. Bf1 b6 17. Rad1 Bb7 18. Bd3 Rac8 19. Qe2 Nf4 20. Qf1 Ra8 21. g3 Nxd3 22. cxd3 Bc6 23. a5 b5 24. dxc5 dxc5 25. d4 exd4 26. cxd4 Bxe4 27. Bxc5 Qb7 28. Ne5 Bd5 29. Bb6 Re8 30. Rc1 Rac8 31. Qd3 Be4 32. Qd2 Bh1 33. f4 Bd5 34. Rc5 Ne4 35. Rxc8 Rxc8 36. Qb4 f6 37. Nd3 Qd7 38. Nc5 Qxh3 39. Nxe4 Bxe4 40. Qb3+ Kh8 41. Rxe4 Rc1+ 42. Kf2 Qh2+ 43. Kf3 Qh1+ 44. Kg4 h5+ 45. Kf5 g6+ 46. Kxf6 Qxe4 47. Qb4 Rc6+ 48. Kg5 Qf5+ 49. Kh6 Qf7 50. d5 Rf6 51. Bd4 Kg8 52. Bxf6 Qxf6 53. d6 g5+ 54. Kxh5 gxf4 55. Qxf4 Qe6 56. Qd4 Kh7 57. d7 Qh6+ 58. Kg4 Qg6+ 59. Kh3 Qe6+ 60. Kg2 Qe2+ 61. Qf2 Qe4+ 62. Kg1 1-0


[Site "https://www.chess.com"]

[Event "Titled Tuesday Blitz July 25 Early 2023"]
[White "SoyuzTM4"]
[Black "Yolosz"]
[WhiteElo "2179"]
[BlackElo "2362"]
[Result "1-0"]
[Round "4"]
[TimeControl "180+2"]
[Date "2023.07.25"]
[WhiteClock "0:00:37"]
[BlackClock "0:00:07"]
[Board "217"]

1. e4 c5 2. Nf3 Nc6 3. d4 cxd4 4. Nxd4 g6 5. Nc3 Bg7 6. Be3 Nf6 7. f3 d5 8. Nxc6 bxc6 9. Qd2 O-O 10. Be2 e6 11. O-O Qc7 12. exd5 exd5 13. Na4 Re8 14. Bf2 Nh5 15. Rfe1 Nf4 16. Bf1 Ne6 17. Rad1 Bd7 18. b3 Rab8 19. Bg3 Qb7 20. Bxb8 Qxb8 21. Kh1 h5 22. c4 h4 23. cxd5 cxd5 24. Qxd5 Bxa4 25. bxa4 Qf4 26. Qe4 Qc7 27. Rc1 Qa5 28. Qxh4 Rd8 29. Red1 Rxd1 30. Rxd1 g5 31. Qg4 Qe5 32. Qe4 Qa5 33. Bc4 Qc5 34. Bxe6 fxe6 35. Qxe6+ Kh7 36. Qe8 Qc2 37. Qe4+ Qxe4 38. fxe4 1-0


[Site "https://www.chess.com"]

[Event "Titled Tuesday Blitz July 25 Early 2023"]
[White "Goswami, Vedant"]
[Black "Hrescak, Ivana"]
[WhiteFideId "5003725"]
[BlackFideId "14613441"]
[WhiteElo "2351"]
[BlackElo "2134"]
[Result "1/2-1/2"]
[Round "4"]
[TimeControl "180+2"]
[Date "2023.07.25"]
[WhiteClock "0:00:08"]
[BlackClock "0:00:02"]
[Board "218"]

1. e4 e5 2. Nf3 Nc6 3. Bb5 a6 4. Ba4 b5 5. Bb3 g6 6. d4 exd4 7. Nxd4 Na5 8. O-O c5 9. Bd5 Rb8 10. Nf3 Nf6 11. Bg5 Be7 12. Re1 O-O 13. Bh6 Re8 14. Ng5 Nxd5 15. Qxd5 Bxg5 16. Bxg5 Qb6 17. Nc3 Nc4 18. b3 Ne5 19. f4 Bb7 20. Qd2 Nc6 21. Nd5 Qa5 22. Nf6+ Kg7 23. Nxe8+ Rxe8 24. Qxa5 Nxa5 25. e5 Bc6 26. Rad1 c4 27. Bf6+ Kg8 28. Re3 cxb3 29. axb3 Nb7 30. Rdd3 Nc5 31. Rc3 Ne6 32. g3 Nc7 33. Red3 Nd5 34. Rc5 Nxf6 35. exf6 Re6 36. Re5 Rxf6 37. Kf2 Kg7 38. Ke3 h5 39. h3 d6 40. Re7 Bg2 41. h4 Kf8 42. Ra7 Re6+ 43. Kf2 Be4 44. Rd2 d5 45. b4 Rc6 46. Ke3 Kg7 47. Kd4 Kf6 48. Re2 Rc4+ 49. Ke3 Rxb4 50. c3 Rc4 51. Kd2 Ra4 52. Re3 Ra2+ 53. Kd1 a5 54. Ke1 a4 55. Rb7 Rb2 56. Ra7 Rb3 57. Kd2 Rb2+ 58. Kc1 Rb3 59. Kd2 a3 60. Kc1 Rb1+ 61. Kd2 Rb2+ 62. Kc1 Rb3 63. Kd2 Rb2+ 64. Kc1 Rb3 65. Kd2 Rb2+ 1/2-1/2


[Site "https://www.chess.com"]

[Event "Titled Tuesday Blitz July 25 Early 2023"]
[White "Fisabilillah, Ummi"]
[Black "Castillo Pena, Patricia Evarista"]
[WhiteFideId "7104804"]
[BlackFideId "6412106"]
[WhiteElo "2349"]
[BlackElo "2004"]
[Result "1-0"]
[Round "4"]
[TimeControl "180+2"]
[Date "2023.07.25"]
[WhiteClock "0:02:20"]
[BlackClock "0:00:04"]
[Board "219"]

1. e4 c5 2. Nf3 d6 3. Bb5+ Nd7 4. O-O a6 5. Bd3 Ngf6 6. Re1 e5 7. c3 Be7 8. Bc2 O-O 9. d4 b5 10. Bg5 Bb7 11. Nbd2 h6 12. Bh4 Qc7 13. Nf1 Rfe8 14. Rc1 Rac8 15. Ne3 Bf8 16. Nf5 g6 17. Ng3 Bg7 18. d5 c4 19. Qd2 Nc5 20. Bxf6 Bxf6 21. Qxh6 Bg7 22. Qe3 Rcd8 23. h4 Qe7 24. h5 Bc8 25. hxg6 fxg6 26. b4 cxb3 27. axb3 Bg4 28. b4 Nd7 29. Ra1 Rf8 30. Nh2 Nf6 31. Rxa6 Bc8 32. Ra5 Qd7 33. Bd3 Ng4 34. Nxg4 Qxg4 35. Bxb5 1-0


[Site "https://www.chess.com"]

[Event "Titled Tuesday Blitz July 25 Early 2023"]
[White "Hamidi, Amir Mohammad"]
[Black "Guevara Sanchez, Erick Marvin"]
[WhiteFideId "12563285"]
[BlackFideId "6700136"]
[WhiteElo "2810"]
[BlackElo "2097"]
[Result "1-0"]
[Round "4"]
[TimeControl "180+2"]
[Date "2023.07.25"]
[WhiteClock "0:00:36"]
[BlackClock "0:00:30"]
[Board "220"]

1. d4 Nf6 2. c4 e6 3. Nc3 Bb4 4. e3 O-O 5. Ne2 d5 6. a3 Be7 7. Ng3 b6 8. cxd5 exd5 9. b4 Bb7 10. Be2 Nbd7 11. b5 a6 12. O-O axb5 13. Bxb5 c6 14. Bd3 c5 15. Nf5 Ne4 16. Qg4 Bf6 17. Nxe4 dxe4 18. Bxe4 Bxe4 19. Qxe4 cxd4 20. exd4 Nc5 21. Qg4 Nb3 22. Bh6 g6 23. Rad1 Re8 24. Be3 Qd5 25. Nh6+ Kh8 26. Qf4 Kg7 27. Ng4 Re6 28. Rd3 Nc5 29. dxc5 Qxd3 30. Nxf6 Rxf6 31. Bd4 Qf5 32. Qxf5 gxf5 33. cxb6 Rxa3 34. Rb1 Ra8 35. b7 Rb8 36. Be5 Re8 37. Bxf6+ 1-0


[Site "https://www.chess.com"]

[Event "Titled Tuesday Blitz July 25 Early 2023"]
[White "Guerra Tulcan, Lenin"]
[Black "Fernandez Bustamante, Leancy B."]
[WhiteFideId "3601382"]
[BlackFideId "3523870"]
[WhiteElo "2602"]
[BlackElo "2264"]
[Result "0-1"]
[Round "4"]
[TimeControl "180+2"]
[Date "2023.07.25"]
[WhiteClock "0:00:43"]
[BlackClock "0:00:13"]
[Board "221"]

1. e4 c5 2. Nf3 a6 3. c4 Nc6 4. Nc3 d6 5. d4 cxd4 6. Nxd4 Nxd4 7. Qxd4 Nf6 8. Be2 g6 9. O-O Bg7 10. Bg5 O-O 11. Qd2 Be6 12. Rfd1 Qa5 13. Bxf6 Bxf6 14. Nd5 Qxd2 15. Nxf6+ Kg7 16. Rxd2 Kxf6 17. f4 Rac8 18. b3 Rc5 19. Kf2 b5 20. b4 Rcc8 21. cxb5 axb5 22. Bxb5 Bc4 23. Bd7 Rb8 24. a3 Rb7 25. Rc1 Bb3 26. Bc6 Ra7 27. Rb2 Ba4 28. Bxa4 Rxa4 29. Rc3 Rfa8 30. Rbb3 e6 31. Ke3 h6 32. Kd3 g5 33. fxg5+ hxg5 34. Kc2 Ke5 35. Re3 Rc8+ 36. Kb2 Rc4 37. b5 Ra7 38. b6 Rb7 39. Rb5+ Kd4 40. Reb3 d5 41. exd5 exd5 42. R3b4 Rxb4+ 43. Rxb4+ Kc5 44. Kc3 Rxb6 45. Rxb6 Kxb6 46. Kd4 Kc6 47. a4 f5 48. a5 f4 49. a6 g4 50. a7 Kb7 51. Kxd5 f3 52. gxf3 gxf3 53. Ke4 f2 54. Kf4 f1=Q+ 55. Kg3 Qf8 56. h4 Qh8 57. Kg4 Kxa7 58. Kg5 Kb7 59. h5 Kc7 60. Kg6 Kd7 61. h6 Ke7 62. h7 Kf8 63. Kf5 Kg7 64. Ke4 Qxh7+ 65. Kd5 Qg6 66. Kc5 Qf6 67. Kc4 Qe6+ 68. Kd3 Kf6 69. Kd2 Qe5 70. Kd3 Kf5 71. Kd2 Qe4 72. Kc3 Kf4 73. Kd2 Qe3+ 74. Kd1 Ke4 75. Kc2 Qd3+ 76. Kc1 Qe2 77. Kb1 Kd3 78. Kc1 Kc3 79. Kb1 Qb2# 0-1


[Site "https://www.chess.com"]

[Event "Titled Tuesday Blitz July 25 Early 2023"]
[White "Orlov, Georgi"]
[Black "Samaganova, Aleksandra"]
[WhiteFideId "2011271"]
[BlackFideId "13800221"]
[WhiteElo "2560"]
[BlackElo "2255"]
[Result "0-1"]
[Round "4"]
[TimeControl "180+2"]
[Date "2023.07.25"]
[WhiteClock "0:00:07"]
[BlackClock "0:00:02"]
[Board "222"]

1. e4 e6 2. d4 d5 3. Nc3 Bb4 4. Ne2 dxe4 5. a3 Bxc3+ 6. Nxc3 Nc6 7. Bb5 Ne7 8. Bg5 f6 9. Be3 f5 10. f3 exf3 11. gxf3 O-O 12. Qd2 a6 13. Bc4 Nd5 14. Bg5 Qd6 15. Rg1 Kh8 16. O-O-O Nxc3 17. Qxc3 Ne7 18. Qd2 Nd5 19. Rg3 b5 20. Bb3 Bb7 21. Rdg1 Rf7 22. Rh3 c5 23. c3 b4 24. axb4 cxb4 25. c4 Rc8 26. Kb1 Nf6 27. Bf4 Qe7 28. Be5 a5 29. Qg5 a4 30. Bxa4 Rxc4 31. Bb3 Rc8 32. Qh4 Bd5 33. Bxd5 exd5 34. Qg5 b3 35. Qxf5 Ra8 36. f4 Qa7 37. Rxb3 Qa1+ 38. Kc2 Qxg1 39. Rg3 Qf2+ 40. Kd1 Qf1+ 41. Kc2 Qe2+ 42. Kb3 Qc4# 0-1


[Site "https://www.chess.com"]

[Event "Titled Tuesday Blitz July 25 Early 2023"]
[White "rikchessmx"]
[Black "Womacka, Mathias"]
[BlackFideId "4611390"]
[WhiteElo "2254"]
[BlackElo "2509"]
[Result "1-0"]
[Round "4"]
[TimeControl "180+2"]
[Date "2023.07.25"]
[WhiteClock "0:01:37"]
[BlackClock "0:01:45"]
[Board "223"]

1. e4 c5 2. Nf3 d6 3. d4 cxd4 4. Nxd4 Nf6 5. Nc3 a6 6. f4 e5 7. Nf3 Nbd7 8. Bd3 Be7 9. O-O b5 10. a3 O-O 11. Kh1 Bb7 12. Qe1 Rc8 13. fxe5 Nxe5 14. Nd4 g6 15. Bh6 Re8 16. Rd1 Nc4 17. Bxc4 Rxc4 18. e5 dxe5 19. Nf5 Qc7 20. Nxe7+ Qxe7 21. Bg5 Rc6 22. Qh4 Rd8 23. Rxd8+ Qxd8 24. Ne4 h5 25. Nxf6+ Kh8 26. Nxh5 Rxc2 27. Bxd8 Rxg2 28. Nf4+ Kg7 29. Nxg2 1-0


[Site "https://www.chess.com"]

[Event "Titled Tuesday Blitz July 25 Early 2023"]
[White "Joshi, Pankaj"]
[Black "Karamsetty, Jeevan"]
[WhiteFideId "5006210"]
[BlackFideId "2025337"]
[WhiteElo "2250"]
[BlackElo "2476"]
[Result "0-1"]
[Round "4"]
[TimeControl "180+2"]
[Date "2023.07.25"]
[WhiteClock "0:00:09"]
[BlackClock "0:00:03"]
[Board "224"]

1. e4 e5 2. Nf3 Nc6 3. Bc4 Bc5 4. c3 Nf6 5. d3 d6 6. Bb3 O-O 7. Bg5 a5 8. Nbd2 Be6 9. Bc2 b5 10. Nf1 d5 11. Qe2 dxe4 12. dxe4 Bc4 13. Qd2 Qe7 14. Ne3 Rad8 15. Qc1 Bd3 16. Nf5 Qe6 17. Bb3 Bc4 18. Bxf6 Qxf6 19. Bxc4 bxc4 20. O-O h6 21. b3 Rd3 22. Ne1 Rd7 23. bxc4 Rfd8 24. Nc2 Rd2 25. Nce3 Qg6 26. Nd5 Rd3 27. Qc2 Rh3 28. Kh1 Rh5 29. Qa4 Kh7 30. Qb5 Bb6 31. Nxb6 cxb6 32. Qxb6 Rd3 33. Rad1 Rxd1 34. Rxd1 Qg4 35. Ne3 Qf4 36. h3 Qxe4 37. Rd5 Rxh3+ 38. Kg1 Rh5 39. Qxc6 Qb1+ 40. Nf1 Qxa2 41. Rd1 Rf5 42. Qe4 Qxf2+ 43. Kh1 g6 44. Ng3 Qxg3 45. Rd7 Rf1# 0-1


[Site "https://www.chess.com"]

[Event "Titled Tuesday Blitz July 25 Early 2023"]
[White "Padmini, Rout"]
[Black "Nugumanov, Bakhtiyar"]
[WhiteFideId "5029295"]
[BlackFideId "13701797"]
[WhiteElo "2455"]
[BlackElo "2240"]
[Result "0-1"]
[Round "4"]
[TimeControl "180+2"]
[Date "2023.07.25"]
[WhiteClock "0:00:08"]
[BlackClock "0:00:08"]
[Board "226"]

1. e4 e6 2. d4 d5 3. Nc3 Bb4 4. e5 c5 5. a3 Bxc3+ 6. bxc3 Nc6 7. Qg4 g6 8. Bd3 Qa5 9. Bd2 c4 10. Be2 Bd7 11. Qf4 h6 12. h4 Rh7 13. a4 O-O-O 14. Nf3 g5 15. Qg3 Nge7 16. hxg5 Nf5 17. Qf4 hxg5 18. Rxh7 gxf4 19. Ng5 Be8 20. Bg4 Qc7 21. Nxe6 fxe6 22. Rxc7+ Kxc7 23. Bxf4 Bg6 24. Kd2 Rh8 25. Bg5 Rh2 26. Bh3 Kb6 27. Bf4 Rxh3 28. gxh3 Nh4 29. Bg3 Nf3+ 30. Ke3 Ng5 31. f4 Ne4 32. Be1 Ne7 33. Rb1+ Kc7 34. f5 Nxf5+ 35. Kf4 Bh5 36. h4 Ne7 37. a5 Ng6+ 38. Ke3 Bg4 39. Ra1 Bh5 40. Ra4 Ne7 41. a6 b6 42. Ra1 Nf5+ 43. Kf4 Nh6 44. Bd2 Nf5 45. Be3 Nxh4 46. Rh1 Ng2# 0-1


[Site "https://www.chess.com"]

[Event "Titled Tuesday Blitz July 25 Early 2023"]
[White "Molenda, Marcin"]
[Black "Vemparala, Nikash"]
[WhiteFideId "1173065"]
[BlackFideId "30960967"]
[WhiteElo "2440"]
[BlackElo "2236"]
[Result "1-0"]
[Round "4"]
[TimeControl "180+2"]
[Date "2023.07.25"]
[WhiteClock "0:01:11"]
[BlackClock "0:01:14"]
[Board "227"]

1. Nf3 d5 2. g3 c5 3. Bg2 Nc6 4. O-O g6 5. d4 cxd4 6. Nxd4 Bg7 7. Nxc6 bxc6 8. c4 e6 9. e4 d4 10. Na3 Ne7 11. Nc2 c5 12. Ne1 O-O 13. Nd3 Qc7 14. f4 Bb7 15. Bd2 f5 16. Qe2 Rae8 17. e5 Bxg2 18. Qxg2 g5 19. Rae1 Ng6 20. b3 h5 21. fxg5 Nxe5 22. Nxe5 Bxe5 23. Qe2 Bg7 24. Qxh5 e5 25. g6 Rf6 26. Qh7+ Kf8 27. Bh6 1-0


[Site "https://www.chess.com"]

[Event "Titled Tuesday Blitz July 25 Early 2023"]
[White "Al Mukhaini, Shima"]
[Black "Fernandez Hernandez, Gerardo"]
[WhiteFideId "22005854"]
[BlackFideId "2207400"]
[WhiteElo "2402"]
[BlackElo "2233"]
[Result "1-0"]
[Round "4"]
[TimeControl "180+2"]
[Date "2023.07.25"]
[WhiteClock "0:01:06"]
[BlackClock "0:00:14"]
[Board "228"]

1. b3 d6 2. Bb2 Nd7 3. e3 Ngf6 4. d4 g6 5. Nf3 Bg7 6. Be2 O-O 7. O-O e5 8. dxe5 Ng4 9. c4 Ndxe5 10. Nxe5 Nxe5 11. Nc3 Be6 12. h3 Qe7 13. Qc2 c6 14. Rad1 Rad8 15. Rd2 Rd7 16. Rfd1 Rfd8 17. Ba3 c5 18. Nd5 Bxd5 19. Rxd5 Nc6 20. Qd2 b6 21. Bf3 Ne5 22. Be2 Nc6 23. Bb2 Bxb2 24. Qxb2 Qe6 25. R5d2 Ne7 26. Bf3 d5 27. cxd5 Nxd5 28. Bg4 f5 29. Be2 Qf6 30. Bb5 Rd6 31. Qxf6 Nxf6 32. Rxd6 1-0


[Site "https://www.chess.com"]

[Event "Titled Tuesday Blitz July 25 Early 2023"]
[White "KSho99"]
[Black "Bristy Mukherjee"]
[BlackFideId "25077325"]
[WhiteElo "2212"]
[BlackElo "2400"]
[Result "0-1"]
[Round "4"]
[TimeControl "180+2"]
[Date "2023.07.25"]
[WhiteClock "0:00:01"]
[BlackClock "0:01:17"]
[Board "229"]

1. Nf3 c5 2. Nc3 Nc6 3. d4 cxd4 4. Nxd4 e5 5. Nb3 Bb4 6. Bd2 d5 7. g3 Nf6 8. Bg2 O-O 9. O-O Bxc3 10. Bxc3 d4 11. Bd2 Bf5 12. Nc5 Qb6 13. b4 Nxb4 14. Nxb7 Bxc2 15. Qc1 Rac8 16. Qa3 Nbd5 17. Na5 Nc3 18. Kh1 Nce4 19. Bb4 Rfe8 20. Rac1 Ng4 21. Bxe4 Bxe4+ 22. f3 Qh6 23. h4 Ba8 24. Rxc8 Rxc8 25. Kg1 Ne3 26. Rc1 Nc2 27. Qb2 Qe3+ 28. Kf1 d3 29. Rxc2 dxc2 0-1


[Site "https://www.chess.com"]

[Event "Titled Tuesday Blitz July 25 Early 2023"]
[White "Rian, Kapriaga"]
[Black "Kuchava, Ana"]
[WhiteFideId "7103263"]
[BlackFideId "13605348"]
[WhiteElo "2400"]
[BlackElo "2210"]
[Result "0-1"]
[Round "4"]
[TimeControl "180+2"]
[Date "2023.07.25"]
[WhiteClock "0:01:36"]
[BlackClock "0:00:51"]
[Board "230"]

1. d4 d5 2. Nf3 Nf6 3. c4 e6 4. Nc3 Be7 5. e3 O-O 6. b3 b6 7. Bb2 Bb7 8. Bd3 Nbd7 9. O-O c5 10. Ne5 cxd4 11. exd4 Rc8 12. f4 dxc4 13. bxc4 Nxe5 14. dxe5 Nd7 15. Qh5 g6 16. Qh3 Nc5 17. Bc2 Qd4+ 18. Kh1 Qxc4 19. Rac1 Rfd8 20. f5 exf5 21. Rxf5 Qe6 22. Rf6 Qxh3 23. Ne4 Bxe4 24. Bxe4 Qe3 25. Bf3 Bxf6 26. exf6 Nd3 0-1


[Site "https://www.chess.com"]

[Event "Titled Tuesday Blitz July 25 Early 2023"]
[White "FREDERICKtheMATE"]
[Black "Sariego Figueredo, Wilfredo"]
[BlackFideId "3500080"]
[WhiteElo "2397"]
[BlackElo "2202"]
[Result "1/2-1/2"]
[Round "4"]
[TimeControl "180+2"]
[Date "2023.07.25"]
[WhiteClock "0:01:59"]
[BlackClock "0:01:44"]
[Board "231"]

1. Nf3 d5 2. g3 Nf6 3. Bg2 c5 4. O-O Nc6 5. c3 e5 6. d4 cxd4 7. cxd4 e4 8. Ne5 Bd6 9. Nxc6 bxc6 10. Qc2 Bd7 11. Bg5 h6 12. Bxf6 Qxf6 13. e3 O-O 14. Nc3 Rfc8 15. Na4 Rab8 16. Rab1 Qe7 17. Rfc1 Rb5 18. Bf1 Rbb8 19. Nc5 Bg4 20. b4 h5 21. Be2 Bxe2 22. Qxe2 h4 23. Qg4 hxg3 24. hxg3 Bxc5 25. bxc5 Qc7 26. Kg2 Rxb1 27. Rxb1 Rb8 28. Rxb8+ Qxb8 29. Qd7 Qa8 30. Qc7 a5 31. a4 Qa6 32. Qb6 Qe2 33. Qxc6 Qf3+ 34. Kg1 Qd1+ 35. Kh2 Qh5+ 36. Kg2 Qf3+ 37. Kh3 Qh5+ 38. Kg2 Qf3+ 1/2-1/2


[Site "https://www.chess.com"]

[Event "Titled Tuesday Blitz July 25 Early 2023"]
[White "Francisco_Ferrari"]
[Black "Vafin, Ayrat"]
[BlackFideId "4146530"]
[WhiteElo "2172"]
[BlackElo "2392"]
[Result "1-0"]
[Round "4"]
[TimeControl "180+2"]
[Date "2023.07.25"]
[WhiteClock "0:00:15"]
[BlackClock "0:00:17"]
[Board "232"]

1. e4 c6 2. d4 d5 3. exd5 cxd5 4. Bf4 Nc6 5. c3 Nf6 6. Bd3 g6 7. Nf3 Bg4 8. Nbd2 Bg7 9. h3 Bf5 10. Qe2 Bxd3 11. Qxd3 O-O 12. O-O e6 13. Ne5 Qb6 14. Ndf3 Rfe8 15. Rfe1 Ne4 16. Nxc6 Qxc6 17. Nd2 Nd6 18. Qg3 Nc4 19. Nxc4 Qxc4 20. Be5 Qb5 21. Bxg7 Kxg7 22. Qe5+ Kg8 23. Rab1 Qc4 24. h4 Re7 25. h5 Qc7 26. Qf6 Ree8 27. h6 Kf8 28. Re3 Qe7 29. Qh8# 1-0


[Site "https://www.chess.com"]

[Event "Titled Tuesday Blitz July 25 Early 2023"]
[White "Novikova, Margarita"]
[Black "Iljin, Timofey"]
[WhiteFideId "14109689"]
[BlackFideId "14110180"]
[WhiteElo "2170"]
[BlackElo "2381"]
[Result "1/2-1/2"]
[Round "4"]
[TimeControl "180+2"]
[Date "2023.07.25"]
[WhiteClock "0:00:19"]
[BlackClock "0:00:36"]
[Board "233"]

1. e4 e5 2. Nf3 Nc6 3. Bb5 a6 4. Ba4 Nf6 5. O-O Nxe4 6. Re1 b5 7. Bb3 d5 8. d3 Nc5 9. Nxe5 Nxe5 10. Rxe5+ Be6 11. Bxd5 Bd6 12. Bxa8 Qxa8 13. Rxc5 Bxc5 14. d4 Bd6 15. Nc3 O-O 16. d5 Bf5 17. a3 Re8 18. Be3 Qd8 19. Ne2 Qh4 20. Ng3 Bg6 21. Qd4 Qxd4 22. Bxd4 Bxg3 23. hxg3 Re2 24. Rc1 Bxc2 25. Bc3 Bd3 26. Re1 Rxe1+ 27. Bxe1 Bc4 28. Ba5 Bxd5 29. Bxc7 f5 30. Be5 Kf7 31. f3 g6 32. Kf2 Ke6 33. f4 Be4 34. Bc3 Kd5 35. Be5 Kc4 36. Bc3 Kd3 37. Kg1 Ke3 38. Bb4 Kd3 39. Bc3 Kc2 40. Bd4 h6 41. Bc3 g5 42. fxg5 hxg5 43. Bf6 a5 44. Bxg5 Kxb2 45. Be7 Bc2 46. Kf2 Bd1 47. Ke3 Bg4 48. Kf4 Kb3 49. Ke3 b4 50. axb4 axb4 51. Kd2 Ka3 52. Bd6 Bh5 53. Kc1 Bg6 54. Bc5 Kb3 55. Bd6 Kc4 56. Be5 Kd3 57. Bb2 Ke2 58. Be5 Kf2 59. Kb2 Bf7 60. Bd6 Kxg2 61. Bxb4 Kxg3 62. Bd6+ Kf3 63. Kc3 Ke4 64. Kd2 Kd5 65. Bf4 Bh5 66. Ke3 Bg4 67. Kf2 Ke4 68. Bg3 Bf3 69. Bh2 Bg4 70. Bg3 Kd5 71. Bf4 Ke4 72. Kg3 Kd3 73. Bh6 Ke2 74. Bg5 Kf1 75. Bh6 Kg1 76. Bg5 Kh1 77. Bh6 Kg1 78. Bg5 Kf1 79. Bh6 Ke2 80. Bg5 Kd3 81. Bh6 Kc4 82. Bg5 Kd5 83. Bf4 Ke6 84. Bg5 Kf7 85. Bf4 Kg6 86. Bb8 Kf7 87. Bc7 Ke6 88. Bb8 Kd5 89. Bc7 Ke4 90. Bf4 Kd5 91. Bc7 Ke6 92. Bb8 Kd5 93. Bc7 1/2-1/2


[Site "https://www.chess.com"]

[Event "Titled Tuesday Blitz July 25 Early 2023"]
[White "Kiseljova, Marya"]
[Black "Alahakoon, Isuru"]
[WhiteFideId "4155009"]
[BlackFideId "9900993"]
[WhiteElo "2132"]
[BlackElo "2345"]
[Result "1/2-1/2"]
[Round "4"]
[TimeControl "180+2"]
[Date "2023.07.25"]
[WhiteClock "0:00:14"]
[BlackClock "0:00:20"]
[Board "234"]

1. d4 d5 2. c4 e6 3. Nf3 Nf6 4. g3 Bb4+ 5. Nbd2 O-O 6. Bg2 dxc4 7. O-O b5 8. a4 c6 9. e3 a6 10. Ne5 Nd5 11. Ne4 Bb7 12. Nc5 Bxc5 13. dxc5 Nd7 14. Nxd7 Qxd7 15. Bd2 Rad8 16. Ba5 Nc7 17. Qc2 Qc8 18. Rfd1 Rxd1+ 19. Rxd1 Nd5 20. e4 Nf6 21. Rd6 e5 22. Qc3 Re8 23. Qd2 h6 24. h4 Qg4 25. Kh2 Nxe4 26. Bxe4 Qxe4 27. Rd8 Rxd8 28. Qxd8+ Kh7 29. Qd7 Qd4 30. Qxb7 Qxf2+ 31. Kh1 Qf1+ 32. Kh2 Qf2+ 33. Kh1 Qf3+ 34. Kh2 e4 35. Qxc6 Qf2+ 36. Kh1 e3 37. Qe4+ f5 38. Qe5 e2 39. Bc3 Qf1+ 40. Kh2 Qf2+ 41. Kh1 Qf3+ 42. Kh2 Qf2+ 43. Kh1 1/2-1/2


[Site "https://www.chess.com"]

[Event "Titled Tuesday Blitz July 25 Early 2023"]
[White "morozcoma"]
[Black "Lisjak, Zlatko"]
[BlackFideId "14502186"]
[WhiteElo "2337"]
[BlackElo "2124"]
[Result "0-1"]
[Round "4"]
[TimeControl "180+2"]
[Date "2023.07.25"]
[WhiteClock "0:00:01"]
[BlackClock "0:00:01"]
[Board "235"]

1. e4 c5 2. Nf3 e6 3. Nc3 a6 4. d4 cxd4 5. Nxd4 d6 6. Bd3 Nf6 7. O-O Be7 8. f4 O-O 9. Nb3 Qc7 10. Qf3 Nbd7 11. Bd2 b5 12. Rae1 Bb7 13. Qh3 b4 14. Nd1 g6 15. f5 exf5 16. exf5 Ne5 17. fxg6 fxg6 18. Bxb4 Qb6+ 19. Bc5 Qc6 20. Bd4 Nfg4 21. Rxf8+ Rxf8 22. Be4 d5 23. Bf3 h5 24. Bxe5 Qxc2 25. Bxg4 Bb4 26. Be6+ Kh7 27. Qe3 d4 28. Qe2 Qc6 29. Bh3 Re8 0-1


[Site "https://www.chess.com"]

[Event "Titled Tuesday Blitz July 25 Early 2023"]
[White "Phillips, Rene"]
[Black "Slovineanu, Viacheslav"]
[WhiteFideId "2056275"]
[BlackFideId "13900510"]
[WhiteElo "2122"]
[BlackElo "2334"]
[Result "1-0"]
[Round "4"]
[TimeControl "180+2"]
[Date "2023.07.25"]
[WhiteClock "0:00:27"]
[BlackClock "0:00:03"]
[Board "236"]

1. d4 Nf6 2. Bf4 d5 3. e3 e6 4. Nf3 c5 5. c3 Bd6 6. Bg3 Qc7 7. Ne5 Ne4 8. f4 Nd7 9. Nd2 Ndf6 10. Bd3 b6 11. Nxe4 Nxe4 12. Bb5+ Ke7 13. Qh5 Kf8 14. Bc6 Bb7 15. Bxb7 Qxb7 16. Bh4 Nf6 17. Bxf6 gxf6 18. Qh6+ Ke7 19. Ng4 Raf8 20. Qxf6+ Ke8 21. Qh6 Be7 22. O-O Rhg8 23. Nf6+ Bxf6 24. Qxf6 Rg6 25. Qe5 Rfg8 26. g3 Kd7 27. f5 exf5 28. Qxf5+ Kd8 29. Rf3 h5 30. Qxh5 Qc7 31. Qh4+ Qe7 32. Qf4 Kc8 33. Raf1 R8g7 34. dxc5 Qxc5 35. Kh1 Kb7 36. Qe5 Qc7 37. Qxd5+ Ka6 38. Rf4 b5 39. a4 Qb6 40. axb5+ Qxb5 41. Qa2+ Kb7 42. Rxf7+ Rxf7 43. Rxf7+ Kb6 44. Qxa7+ Kc6 45. Qc7+ Kd5 46. Rf5+ 1-0


[Site "https://www.chess.com"]

[Event "Titled Tuesday Blitz July 25 Early 2023"]
[White "Abdi, Farzad"]
[Black "Makhmudov, Shukhrat"]
[WhiteFideId "2076829"]
[BlackFideId "14200775"]
[WhiteElo "2104"]
[BlackElo "2333"]
[Result "0-1"]
[Round "4"]
[TimeControl "180+2"]
[Date "2023.07.25"]
[WhiteClock "0:00:38"]
[BlackClock "0:01:10"]
[Board "237"]

1. d4 Nf6 2. c4 e6 3. Nf3 d5 4. Nc3 Bb4 5. e3 O-O 6. Bd3 dxc4 7. Bxc4 c5 8. Qe2 Qc7 9. O-O cxd4 10. exd4 Bxc3 11. bxc3 Nc6 12. Bg5 Nd5 13. Rac1 b6 14. Bd3 Nf4 15. Qe4 Nxd3 16. Qxd3 Bb7 17. c4 f6 18. Bh4 Rad8 19. Qe3 Rfe8 20. Bg3 Qd7 21. Rfd1 Nb4 22. a3 Nc6 23. h4 Ne7 24. Bf4 Nf5 25. Qe2 Bxf3 26. Qxf3 Nxd4 27. Qg4 e5 0-1


[Site "https://www.chess.com"]

[Event "Titled Tuesday Blitz July 25 Early 2023"]
[White "Duarte, Leonardo"]
[Black "Dahlgren, James Allen"]
[WhiteFideId "110582"]
[BlackFideId "22256873"]
[WhiteElo "2332"]
[BlackElo "2109"]
[Result "0-1"]
[Round "4"]
[TimeControl "180+2"]
[Date "2023.07.25"]
[WhiteClock "0:02:51"]
[BlackClock "0:02:49"]
[Board "238"]

1. Nf3 c5 2. b3 d5 3. Bb2 Nc6 4. e3 e5 5. Bb5 f6 6. d3 Ne7 7. Nbd2 a6 8. Bxc6+ Nxc6 9. e4 d4 10. a4 Be6 11. Nc4 b5 12. axb5 axb5 13. Rxa8 Qxa8 14. Nb6 Qa5+ 15. Qd2 Qxb6 16. O-O Bd6 17. h3 O-O 18. Nh2 c4 19. bxc4 bxc4 20. Rb1 c3 21. Bxc3 Qxb1+ 22. Qc1 Qxc1+ 0-1


[Site "https://www.chess.com"]

[Event "Titled Tuesday Blitz July 25 Early 2023"]
[White "Floresvillar Gonzalez, Luis Migu"]
[Black "Lopez Del Alamo, Antonio"]
[WhiteFideId "5100542"]
[BlackFideId "2227339"]
[WhiteElo "2101"]
[BlackElo "2332"]
[Result "0-1"]
[Round "4"]
[TimeControl "180+2"]
[Date "2023.07.25"]
[WhiteClock "0:00:02"]
[BlackClock "0:00:10"]
[Board "239"]

1. e4 c5 2. d4 e6 3. c3 cxd4 4. cxd4 d5 5. exd5 Qxd5 6. Nc3 Qd8 7. d5 Nf6 8. Bg5 exd5 9. Bxf6 Qxf6 10. Qxd5 Nc6 11. Nf3 Be6 12. Qg5 O-O-O 13. Qxf6 gxf6 14. Rd1 Bh6 15. Rxd8+ Rxd8 16. Be2 Nb4 17. O-O Nxa2 18. Nxa2 Bxa2 19. Ra1 Be6 20. Rxa7 Kb8 21. Ra1 Bf8 22. Rd1 Rxd1+ 23. Bxd1 Bc5 24. Kf1 Kc7 25. Nd2 b5 26. Ne4 Be7 27. g3 f5 28. Nc3 Kb6 29. Bc2 Bf6 30. Ke2 Ka5 31. Bd3 b4 32. Nd1 Ka4 33. Bc2+ Bb3 34. Kd3 Bxc2+ 35. Kxc2 b3+ 36. Kd3 Kb4 37. f3 h5 38. h3 f4 39. gxf4 Bg7 40. f5 Bf6 0-1


[Site "https://www.chess.com"]